 Dungeon Crawl Stone Soup version 0.18.1-5-g4a78601 (webtiles) character file.

105 Heskey the Charmwright (level 4, -1/37 HPs)
             Began as a Demigod Skald on May 12, 2016.
             Slain by a gnoll
             ... wielding a +0 flail
              (9 damage)
             ... on level 2 of the Dungeon.
             The game lasted 00:06:10 (2185 turns).

Heskey the Charmwright (Demigod Skald)              Turns: 2185, Time: 00:06:11

Health: -1/37      AC:  8    Str: 17    XL:     4   Next: 29%
Magic:  10/10      EV:  6    Int: 16    God:
Gold:   48         SH:  3    Dex: 15    Spells: 2 memorised, 4 levels left

rFire  . . .     SeeInvis .     a - +0 falchion
rCold  . . .     Gourm    .     k - +0 chain mail
rNeg   . . .     Faith    .     o - +0 buckler
rPois  .         Spirit   .     (no helmet)
rElec  .         Dismiss  .     (no cloak)
rCorr  .         Reflect  .     (no gloves)
SustAt +         Harm     .     (no boots)
MR     .....                    (no amulet)
Stlth  ..........               (no ring)
                                (no ring)

@: very slightly contaminated, hasted, very quick, not resistant to hostile
enchantments, extremely unstealthy
A: high mp 1, sustain attributes
a: no special abilities


You were on level 2 of the Dungeon.
You were not hungry.

You visited 1 branch of the dungeon, and saw 3 of its levels.

You collected 48 gold pieces.

Inventory:

Hand Weapons
 a - a +0 falchion (weapon)
Armour
 k - a +0 chain mail (worn)
 o - a +0 buckler (worn)
Jewellery
 h - an uncursed ring of stealth {unknown}
Scrolls
 e - a scroll of random uselessness {unknown}
 f - a scroll of identify {unknown}
 i - a scroll of blinking {unknown}
 j - a scroll of recharging {unknown}
 l - 3 scrolls of remove curse {unknown}
 m - a scroll of magic mapping {unknown}
 n - a scroll of amnesia {unknown}
Potions
 g - a potion of flight
Books
 c - a book of Battle

   Spells                             Type                      Level
   a - Infusion                       Charms                       1
   b - Shroud of Golubria             Charms/Translocation         2
   c - Song of Slaying                Charms                       2
   d - Spectral Weapon                Hexes/Charms                 3
   e - Regeneration                   Charms/Necromancy            3


   Skills:
 * Level 2.6 Fighting
 + Level 2.5 Long Blades
 + Level 1.8 Armour
 - Level 0.8 Dodging
 - Level 2.3 Spellcasting
 - Level 3.1 Charms


You had 4 spell levels left.
You knew the following spells:

 Your Spells              Type           Power        Failure   Level  Hunger
a - Infusion              Chrm           ##..         98%         1    #......
b - Song of Slaying       Chrm           ##......     99%         2    ###....


Dungeon Overview and Level Annotations

Branches:
Dungeon (3/15)


Innate Abilities, Weirdness & Mutations

You have an increased reservoir of magic (+10% MP).
Your attributes are resistant to harm.


Message History

The bat hits you but does no damage. You block the bat's attack.
The bat hits you but does no damage.
You barely miss the bat. The bat hits you but does no damage. x2
You barely miss the bat. The bat hits you but does no damage. x2
You hit the bat.
You kill the bat!
You float gracefully downwards.
There is a stone staircase leading down here.
You see here a hobgoblin corpse.
The gnoll hits you but does no damage.
There is a stone staircase leading down here.
You see here a hobgoblin corpse.
The gnoll closely misses you.
Drink which item? (? for menu, Esc to quit)
It was a potion of haste.
You feel yourself speed up. The gnoll hits you but does no damage.
You are very lightly contaminated with residual magic.
You barely miss the gnoll. You hit the gnoll but do no damage.
The gnoll hits you with a flail!
You die...

#.####.##### #.#
#.# # #.# #.# #
#.# #.# # #.####.#
# #......# #
#######.####.# #
#.....#.# #.# #
#@###.#.####.#####
#g#...............
#.#.#.#.####.####.
#..>†.#.## #.# #.
###.###..###.# #.
#.....#.##.####.
#####..###......
#..# ####... #..#
##..##


You could see a gnoll.

Vanquished Creatures
  A hound zombie (D:3)
  A gnoll (D:3)
  2 adders
  An ooze (D:2)
  A worm (D:3)
  3 dart slugs (D:1)
  2 giant geckos (D:2)
  3 goblins (D:1)
  10 hobgoblins
  2 jackals (D:1)
  A quokka (D:2)
  8 bats
  A giant newt (D:1)
  4 kobolds
  10 rats
50 creatures vanquished.

Notes
Turn   | Place    | Note
--------------------------------------------------------------
     0 | D:1      | Heskey the Demigod Skald began the quest for the Orb.
     0 | D:1      | Reached XP level 1. HP: 17/17 MP: 5/5
    15 | D:1      | Reached skill level 1 in Armour
   226 | D:1      | Reached XP level 2. HP: 24/24 MP: 7/7
   499 | D:1      | Reached skill level 3 in Charms
   628 | D:1      | Reached XP level 3. HP: 13/29 MP: 3/8
  1257 | D:2      | Found an oddly glowing altar of Pakellas.
  1262 | D:2      | Learned a level 2 spell: Song of Slaying
  1548 | D:2      | Found a bloodstained altar of Trog.
  1632 | D:2      | Found a faded altar to an unknown god.
  1873 | D:3      | Found a burning altar of Makhleb.
  1891 | D:3      | Reached XP level 4. HP: 34/37 MP: 10/10
  2050 | D:3      | HP: 1/37 [gnoll/spear (2)]
  2185 | D:2      | Slain by a gnoll

Skill      XL: |  1  2 |
---------------+-------+-----
Armour         | 1 |  1.8
Long Blades    | 2 |  2.5
Spellcasting   | 2 |  2.3
Fighting       | 2 |  2.6
Charms         | 3 |  3.1
Dodging        | |  0.8

Action                   |  1- 3 |  4- 6 || total
-------------------------+-------+-------++-------
Melee: Falchion          |   160 |    23 ||   183
 Cast: Infusion          |     4 |     1 ||     5
  Use: Potion            |     1 |     3 ||     4
  Eat: Beef jerky        |     1 |       ||     1
       Chunk             |     1 |       ||     1
       Bread ration      |       |     1 ||     1
Armor: Leather armour    |     4 |       ||     4
       Scale mail        |    50 |       ||    50
       Chain mail        |    62 |    55 ||   117
Dodge: Dodged            |    88 |    22 ||   110
Block: Buckler           |       |    12 ||    12
